 Dungeon Crawl Stone Soup version 0.30-a0-956-gcec3b41aec (webtiles) character file.

Game seed: 2267113160750864560

1082 MachoJfn the Grave Robber (level 8, -13/53 HPs)
             Began as a Mummy Necromancer on Mar 28, 2023.
             Was an Initiate of Yredelemnul.
             Killed from afar by a steam dragon (18 damage)
             ... with a ball of steam
             ... on level 6 of the Dungeon on Mar 29, 2023.
             The game lasted 00:21:10 (5570 turns).

MachoJfn the Grave Robber (Mummy Necromancer)       Turns: 5570, Time: 00:21:11

Health: -13/53     AC:  6    Str: 11    XL:     8   Next: 8%
Magic:  26/28      EV: 11    Int: 16    God:    Yredelemnul [......]
Gold:   463        SH:  0    Dex: 13    Spells: 17/22 levels left

rFire   x . .      SeeInvis +    a - +1 falchion (elec)
rCold   + + .      Faith    +    (no shield)
rNeg    + + +      Spirit   .    l - +2 leather armour {rC+}
rPois   ∞          Reflect  .    f - +0 helmet
rElec   .          Rampage  .    (no cloak)
rCorr   .                        (no gloves)
Will    +....                    (no boots)
Stlth   ++                       (no amulet)
HPRegen 0.28/turn                b - ring of magical power
MPRegen 0.21/turn                c - ring of see invisible

@: no status effects
A: cold resistance 1, negative energy resistance 3, torment resistance 2, heat
vulnerability 1, in touch with death 1, no potions, faith
a: Renounce Religion, Recall Undead Harvest


You were on level 6 of the Dungeon.
You worshipped Yredelemnul.
Yredelemnul was noncommittal.
You visited 1 branch of the dungeon, and saw 6 of its levels.

You collected 463 gold pieces.

Inventory:

Hand Weapons
 a - a +1 falchion of electrocution (weapon)
 o - a +2 morningstar of protection
Missiles
 d - 69 stones
 p - 2 poisoned darts
 s - 5 silver javelins
Armour
 f - a +0 helmet (worn)
 k - an orb of energy
 l - a +2 leather armour of cold resistance (worn)
 q - a +2 leather armour of fire resistance
Jewellery
 b - a ring of magical power (left hand)
 c - a ring of see invisible (right hand)
 h - a ring of willpower
 i - a ring of flight
Scrolls
 g - 2 scrolls of fear
 j - a scroll of enchant armour {unknown}
 m - a scroll of fog
 n - a scroll of vulnerability
 r - a scroll of amnesia {unknown}


   Skills:
 + Level 0.5 Fighting
 + Level 0.2 Short Blades
 + Level 1.3 Armour
 + Level 2.0 Dodging
 + Level 1.8 Stealth
 + Level 7.6 Spellcasting
 + Level 7.8 Necromancy


You had 17 spell levels left.
You knew the following spells:

 Your Spells              Type           Power      Damage    Failure   Level
a - Necrotise             Necr           100%       1d9       1%          1
b - Animate Dead          Necr           46%        N/A       6%          4

Your spell library contained the following spells:

 Spells                   Type           Power      Damage    Failure   Level
 Vampiric Draining        Necr           46%        2d9       1%          3
 Agony                    Necr           46%        N/A       17%         5
 Blink                    Tloc           12%        N/A       24%         2
 Manifold Assault         Tloc           6%         N/A       83%         4
 Beastly Appendage        Tmut           Unusable   N/A       N/A         1
 Wereblood                Tmut           Unusable   N/A       N/A         2
 Spider Form              Tmut/Pois      Unusable   N/A       N/A         3
 Storm Form               Tmut/Air       Unusable   N/A       N/A         7

Dungeon Overview and Level Annotations

Branches:
Dungeon (6/15)
 Temple: D:4-7

Altars:
Ashenzari
Dithmenos
Nemelex Xobeh
Yredelemnul

Shops:
D:3 [


Innate Abilities, Weirdness & Mutations

You are immune to poison.
Your flesh is cold resistant. (rC+)
You are immune to negative energy. (rN+++)
You are immune to unholy pain and torment.
You are vulnerable to heat. (rF-)
You are in touch with the powers of death.
You do not drink.
You have a special connection with the divine. (Faith)


Message History

Confirm with . or Enter, or press ? or * to list all spells.
Aiming: Necrotise (safe; 1% risk of failure)
Press: ? - help, Shift-Dir - straight line, f - adder, p - steam dragon
Aim: an adder (chance to affect: 88%)
You feel a surge of power!
The adder writhes in agony.
The steam dragon breathes steam at you.
The ball of steam hits your spectral ufetubus!!
Your spectral ufetubus is destroyed!
The ball of steam hits your water moccasin zombie!
The ball of steam hits you!! The steam scalds you terribly!
The ball of steam hits your scorpion zombie!
Your water moccasin zombie is engulfed in a cloud of scalding steam.
Your water moccasin zombie bites the adder.
Your scorpion zombie is engulfed in a cloud of scalding steam.
Your scorpion zombie is destroyed!
The steam dragon breathes steam at you.
The ball of steam hits the adder!
The adder dies!
The ball of steam hits you!! The steam scalds you terribly!
Ouch! That really hurt!
* * * LOW HITPOINT WARNING * * *
The dead are slithering!
A bolt of electricity appears from out of your range of vision.
Your water moccasin zombie is engulfed in a cloud of scalding steam.
Your water moccasin zombie is destroyed!
Your adder zombie is engulfed in a cloud of scalding steam.
Blink to where?
Press: ? - help, Dir - move target
As you read the scroll of blinking, it crumbles to dust.
Your adder zombie bites the steam dragon but does no damage.
Your adder zombie is engulfed in a cloud of scalding steam.
Your adder zombie bites the steam dragon but does no damage.
A bolt of electricity appears from out of your range of vision.
You open the door.
A scorpion comes into view.
Nothing appears to have answered your call.
The steam dragon breathes steam at you. The ball of steam hits you!!
The steam scalds you terribly!
You die...
Yredelemnul claims you as an undead slave.

#.. ....# #.. .≈...#
#####.. ## ~~~...#
#...#.. .# ~≈~~...##
#######...#.. #
...~~...##
.............
....~~...## ###
####<..#..
...~~.......~~...#s..#
#...#..
........_...!..§@'...#
#...#..
...~~.......~§§..##...#
#######
#...~~..§..D§...## ...
#...~§§..~~...## #
#..?§~Z~~...##
#..§~~~...# #.§.≈...#
######.§...##
.Z..###§..##


You could see a scorpion (asleep).

Vanquished Creatures
  2 water moccasins
  2 ogres
  A scorpion (D:3)
  A howler monkey (D:5)
  2 hounds (D:4)
  2 orc priests
  An iguana (D:4)
  A sleepcap (D:6)
  An orc wizard (D:3)
  A gnoll (D:1)
  5 adders
  An ufetubus (D:4)
  A worm (D:4)
  A dart slug (D:2)
  7 orcs
  2 ball pythons
  7 endoplasms
  4 giant cockroaches
  4 goblins
  6 hobgoblins
  9 jackals
  4 kobolds
  3 quokkas
  9 bats
  6 frilled lizards
  6 rats
89 creatures vanquished.

Vanquished Creatures (collateral kills)
  An ogre (D:5)
  A scorpion (D:6)
  A jelly (D:5)
  A hound (D:5)
  An orc wizard (D:5)
  An ufetubus (D:6)
  A dart slug (D:5)
  3 orcs (D:5)
  2 hobgoblins
  A quokka (D:5)
  A frilled lizard (D:2)
  A goblin zombie (D:5)
  A kobold (D:4)
  A rat zombie (D:5)
17 creatures vanquished.

Vanquished Creatures (others)
  2 water moccasin zombies
  A scorpion zombie (D:6)
  An adder (D:6)
  2 adder zombies
  An endoplasm zombie (D:3)
  A giant cockroach zombie (D:4)
  7 orc zombies
  A spectral ufetubus (D:6)
16 creatures vanquished.

Grand Total: 122 creatures vanquished

Notes
Turn   | Place    | Note
-------+----------+-------------------------------------------
     0 | D:1      | MachoJfn the Mummy Necromancer began the quest for the Orb.
     0 | D:1      | Reached XP level 1. HP: 13/13 MP: 4/4
   321 | D:1      | Reached XP level 2. HP: 15/19 MP: 0/5
   341 | D:1      | Upgraded the game from 0.30-a0-953-g5f1da4a474 to
                  | 0.30-a0-956-gcec3b41aec
   770 | D:1      | Gained mutation: You are in touch with the powers of death.
                  | [Mummy growth]
   770 | D:1      | Reached XP level 3. HP: 14/24 MP: 1/7
  1252 | D:2      | Reached skill level 5 in Necromancy
  1569 | D:2      | Reached XP level 4. HP: 30/30 MP: 7/9
  2151 | D:3      | You are sucked into a shaft and drop 3 floors!
  2397 | D:5      | Entered Level 5 of the Dungeon
  2397 | D:5      | Noticed an ogre
  2409 | D:4      | Reached XP level 5. HP: 17/35 MP: 11/11
  2527 | D:4      | Noticed an ogre
  2537 | D:4      | Killed an ogre
  2538 | D:4      | Reached skill level 5 in Spellcasting
  2538 | D:4      | Reached XP level 6. HP: 31/41 MP: 12/13
  2651 | D:3      | Found Higesini's Armour Shop.
  3004 | D:3      | Learned a level 4 spell: Animate Dead
  3708 | D:4      | Found a basalt altar of Yredelemnul.
  3739 | D:4      | Became a worshipper of Yredelemnul the Dark
  3772 | D:4      | Found a broken altar of Ashenzari.
  3774 | D:4      | Found a shadowy altar of Dithmenos.
  3775 | D:4      | Found a sparkling altar of Nemelex Xobeh.
  4172 | D:5      | Reached XP level 7. HP: 20/47 MP: 16/16
  4317 | D:5      | Reached * piety under Yredelemnul
  4318 | D:5      | Reached skill level 1 in Armour
  4474 | D:5      | Reached ** piety under Yredelemnul
  5400 | D:6      | Reached XP level 8. HP: 45/53 MP: 18/19
  5570 | D:6      | Killed from afar by a steam dragon

Illustrated notes

Levels and vault maps discovered:
D:1:      evilmike_arrival_home_sweet_home, layout_loops_ring
D:2:      layout_loops_ring, minmay_fractal_squares_gapless_5
D:3:      layout_basic, serial_shops, shop, kennysheep_orc_chapel
D:4:      layout_cave_pools, chequers_temple_overflow_statue_of_worship,
          amcnicky_altar_gilded, minmay_bisected
D:5:      minmay_general_purpose_star, layout_gridville, enter_ossuary_4,
          ebering_dispersal_statue_hall
D:6:      layout_basic, kennysheep_diamond

Skill      XL: |  1  2  3  4  5  6  7 |
---------------+----------------------+-----
Spellcasting   | 3 4 5 6 7 |  7.6
Necromancy     | 5 6 7 |  7.8
Armour         | 1 |  1.3
Dodging        | 2 |  2.0
Fighting       | |  0.5
Short Blades   | |  0.2
Stealth        | |  1.8

Action                     |  1- 3 |  4- 6 |  7- 9 || total
---------------------------+-------+-------+-------++-------
  Melee: Unarmed           |     8 |       |       ||     8
         Dagger            |     2 |     8 |       ||    10
         Falchion          |       |     6 |       ||     6
   Cast: Necrotise         |    65 |   113 |    36 ||   214
         Animate Dead      |       |     1 |       ||     1
 Invoke: Recall Undead Har |       |       |     1 ||     1
    Use: Scroll            |     3 |     8 |     1 ||    12
 Armour: Robe              |     2 |     3 |       ||     5
         Leather armour    |       |     9 |     6 ||    15
  Dodge: Dodged            |    10 |    52 |    10 ||    72

Table legend: (Time is in decaauts)
 A = Elapsed time spent in this place.
 B = Non-inter-level travel time spent in this place.
 C = Inter-level travel time spent in this place.
 D = Time resting spent in this place.
 E = Time spent auto-exploring this place.
 F = Levels seen in this place.
 G = Mean time per level.
                   A        B        C        D        E       F      G
               +--------+--------+--------+--------+--------+-----+--------+
         Total |   5567 |   5020 |    547 |    776 |   3498 |   6 |  927.8 |
       Dungeon |   5567 |   5020 |    547 |    776 |   3498 |   6 |  927.8 |
               +--------+--------+--------+--------+--------+-----+--------+

Top non-repeatable levels by time:
     D:1: 1104 daAuts
     D:3: 1078 daAuts
     D:5: 993 daAuts
     D:2: 972 daAuts
     D:4: 757 daAuts
     D:6: 660 daAuts
